 Dungeon Crawl Stone Soup version 0.31-a0-538-gbc85326fa9 (webtiles) character file.

Game seed: 5750258286331866194

413 randomguy2701 the Magician (level 6, -1/32 HPs)
             Began as a Deep Elf Necromancer on Aug 13, 2023.
             Slain by a killer bee (3 damage)
             ... on level 5 of the Dungeon.
             The game lasted 00:04:37 (3543 turns).

randomguy2701 the Magician (Deep Elf Necromancer)   Turns: 3543, Time: 00:04:38

Health: -1/32      AC:  3    Str:  5    XL:     6   Next: 59%
Magic:  25/27      EV: 12    Int: 24    God:
Gold:   248        SH:  0    Dex: 15    Spells: 18/19 levels left

rFire   + . .        t - +10 dagger "Vull" {holy, rF+ MP+9 Int+2}
rCold   . . .        (no shield)
rNeg    . . .        a - +0 robe
rPois   .            (no helmet)
rElec   .            (no cloak)
rCorr   .            s - +0 pair of gloves
SInv    .            (no boots)
Will    .....        (no amulet)
Stlth   ++           (no ring)
HPRegen 0.25/turn    (no ring)
MPRegen 0.20/turn

%: no passive effects
@: lethally poisoned (-1 -> -15)
A: no striking features
a: no special abilities


You were on level 5 of the Dungeon.
You visited 1 branch of the dungeon, and saw 5 of its levels.

You collected 248 gold pieces.

Inventory:

Hand Weapons
 t - the +10 dagger "Vull" (weapon) {holy, rF+ MP+9 Int+2}
   (You found it on level 3 of the Dungeon)

   Int+2:     It affects your intelligence (+2).
   rF+:       It protects you from fire.
   MP+9:      It affects your magic capacity (+9).
Armour
 a - a +0 robe (worn)
 d - a scarf of invisibility
 s - a +0 pair of gloves (worn)
Wands
 m - a wand of iceblast (3)
Scrolls
 c - 3 scrolls of teleportation {unknown}
 e - a scroll of butterflies {unknown}
 g - a scroll of revelation {unknown}
 l - 2 scrolls of identify {unknown}
 n - a scroll of brand weapon {unknown}
 o - a scroll of fog {unknown}
 q - 2 scrolls of enchant armour {unknown}
 r - a scroll of immolation {unknown}
Potions
 b - a potion of magic
 f - a potion of ambrosia {unknown}
 h - 2 potions of haste {unknown}
 i - a potion of invisibility {unknown}
 j - 2 potions of curing {unknown}
 k - 3 potions of brilliance {unknown}
 p - a potion of degeneration {unknown}


   Skills:
 + Level 0.1 Fighting
 + Level 2.4 Dodging
 + Level 2.9 Stealth
 + Level 7.3 Spellcasting
 + Level 7.2 Necromancy


You had 18 spell levels left.
You knew the following spells:

 Your Spells              Type           Power      Damage    Failure   Level
a - Necrotise             Necr           100%       1d9       1%          1

Your spell library contained the following spells:

 Spells                   Type           Power      Damage    Failure   Level
 Vampiric Draining        Necr           43%        2d9       1%          3
 Animate Dead             Necr           43%        N/A       3%          4
 Agony                    Necr           43%        N/A       10%         5


Dungeon Overview and Level Annotations

Branches:
Dungeon (5/15)
 Temple: D:4-7

Altars:
Gozag

Shops:
D:2 !


Message History

Aim: a killer bee (lightly wounded)
Okay, then.
Casting: Necrotise (safe; 1% risk of failure)
Confirm with . or Enter, or press ? or * to list all spells.
Aiming: Necrotise (safe; 1% risk of failure)
Press: ? - help, Shift-Dir - straight line, f/p - killer bee
Aim: a killer bee (lightly wounded, chance to affect: 88%)
The killer bee writhes in agony.
You feel sick. The killer bee barely misses you. The orc closely misses you.
The orc wizard hits you with a +0 dagger.
The killer bee stings you but does no damage.
The killer bee barely misses you.
Casting: Necrotise (safe; 1% risk of failure)
Confirm with . or Enter, or press ? or * to list all spells.
Aiming: Necrotise (safe; 1% risk of failure)
Press: ? - help, Shift-Dir - straight line, f/p - killer bee
Aim: a killer bee (moderately wounded, chance to affect: 88%)
The killer bee writhes in agony.
You feel sick.
A killer bee comes into view.
The killer bee misses you. The killer bee closely misses you. x2
The orc hits you but does no damage.
The orc wizard hits you with a +0 dagger.
The killer bee barely misses you. The killer bee stings you.
You are lethally poisoned!
The killer bee poisons you! The killer bee stings you.
* * * LOW HITPOINT WARNING * * *
You are more poisoned.
The killer bee poisons you!
Casting: Necrotise (safe; 1% risk of failure)
Confirm with . or Enter, or press ? or * to list all spells.
Aiming: Necrotise (safe; 1% risk of failure)
Press: ? - help, Shift-Dir - straight line, f/p - killer bee
Aim: a killer bee (heavily wounded, chance to affect: 88%)
Okay, then.
You closely miss the killer bee.
The killer bee is heavily wounded.
* * * LOW HITPOINT WARNING * * *
You feel very sick. The killer bee stings you.
You die...

.....#.........
....##........##
....#.........
#..?........
#.:.......#
#####.........##
###........yy....#..
#..........y@o......
+..........o..y....#
#..................#
###
##.......o######...#
..####.......y..#
..#
....#...........y .#
#.............#.#.y
# #.........#######
o ..###....##


You could see 5 killer bees, an orc wizard and 2 orcs.

Vanquished Creatures
  A black bear (D:4)
  A hound (D:4)
  2 orc priests (D:4)
  An orc wizard (D:4)
  7 adders
  2 worms
  3 dart slugs
  6 orcs
  5 ball pythons
  6 endoplasms
  2 giant cockroaches
  4 goblins
  6 hobgoblins
  A quokka (D:2)
  2 bats
  5 frilled lizards
  6 kobolds
  7 rats
67 creatures vanquished.

Vanquished Creatures (collateral kills)
  A scorpion (D:4)
  A dart slug (D:3)
2 creatures vanquished.

Grand Total: 69 creatures vanquished

Notes
Turn   | Place    | Note
-------+----------+-------------------------------------------
     0 | D:1      | randomguy2701 the Deep Elf Necromancer began the quest for
                  | the Orb.
     0 | D:1      | Reached XP level 1. HP: 10/10 MP: 6/6
    42 | D:1      | Reached skill level 5 in Necromancy
   183 | D:1      | Reached XP level 2. HP: 13/15 MP: 2/8
  1015 | D:2      | Reached XP level 3. HP: 16/19 MP: 2/10
  1221 | D:2      | Found Cungus's Distillery.
  1393 | D:2      | Found a faded altar of an unknown god.
  1956 | D:3      | Reached XP level 4. HP: 21/24 MP: 6/12
  2183 | D:3      | Reached skill level 5 in Spellcasting
  2278 | D:3      | Identified the +10 dagger "Vull" {holy, rF+ MP+9 Int+2}
  2645 | D:3      | Found an opulent altar of Gozag.
  2703 | D:4      | Reached XP level 5. HP: 21/28 MP: 10/15
  2911 | D:4      | Noticed a black bear
  3015 | D:4      | Killed a black bear
  3016 | D:4      | Reached XP level 6. HP: 32/32 MP: 10/17
  3477 | D:5      | Entered Level 5 of the Dungeon
  3543 | D:5      | Slain by a killer bee

Illustrated notes

Levels and vault maps discovered:
D:1:      minmay_arrival_cross, layout_basic, chequers_serial_rivers_large_a,
          chequers_serial_rivers_micro_a, minmay_misc_feat_columns
D:2:      layout_basic, dilly_ecumenical_altar_fadedgnrine, serial_shops,
          nicolae_shop_industrial_runoff
D:3:      layout_rooms, lemuel_tele_altar
D:4:      layout_rooms
D:5:      layout_cave_pools, vehumet_statue, fedhas_bush_and_centaur_altar,
          corexii_corridor_pit, nrook_uturn, uniq_edmund

Skill      XL: |  1  2  3  4  5  6 |
---------------+-------------------+-----
Necromancy     | 5 6 7 |  7.2
Spellcasting   | 4 5 6 7 |  7.3
Fighting       | |  0.1
Dodging        | |  2.4
Stealth        | |  2.9

Action                     |  1- 3 |  4- 6 || total
---------------------------+-------+-------++-------
  Melee: Unarmed           |     1 |       ||     1
         Dagger            |       |     1 ||     1
   Cast: Necrotise         |    66 |    75 ||   141
 Armour: Robe              |     3 |     6 ||     9
  Dodge: Dodged            |    11 |    17 ||    28

Table legend: (Time is in decaauts)
 A = Elapsed time spent in this place.
 B = Non-inter-level travel time spent in this place.
 C = Inter-level travel time spent in this place.
 D = Time resting spent in this place.
 E = Time spent auto-exploring this place.
 F = Levels seen in this place.
 G = Mean time per level.
                   A        B        C        D        E       F      G
               +--------+--------+--------+--------+--------+-----+--------+
         Total |   3554 |   3356 |    198 |      0 |   2956 |   5 |  710.8 |
       Dungeon |   3554 |   3356 |    198 |      0 |   2956 |   5 |  710.8 |
               +--------+--------+--------+--------+--------+-----+--------+

Top non-repeatable levels by time:
     D:2: 1062 daAuts
     D:1: 885 daAuts
     D:3: 813 daAuts
     D:4: 727 daAuts
     D:5: 65 daAuts
